 Dungeon Crawl Stone Soup version 0.31.0-11-ge490571c62 (webtiles) character file.

Game seed: 12354096037791790357

9 browni3141 the Trooper (level 2, 0/25 HPs)
             Began as a Barachi Monk on Feb 1, 2024.
             Constricted to death by a ball python (1 damage)
             ... on level 1 of the Dungeon.
             The game lasted 00:00:36 (132 turns).

browni3141 the Trooper (Barachi Monk)                Turns: 132, Time: 00:00:36

Health: 0/25       AC:  2    Str: 12    XL:     2   Next: 16%
Magic:  2/2        EV: 10    Int: 10    God:
Gold:   16         SH:  0    Dex: 14    Spells: 1/1 levels left

rFire   . . .        a - +0 falchion
rCold   . . .        d - orb {light}
rNeg    . . .        b - +0 robe
rPois   .            (no helmet)
rElec   .            (no cloak)
rCorr   .            (no gloves)
SInv    .            (no boots)
Will    .....        (no amulet)
Stlth   +            (no ring)
HPRegen 0.24/turn    (no ring)
MPRegen 0.08/turn

%: no passive effects
@: unable to hop, glowing, constricted, slow
A: amphibious, slowness 1, strong legs 1, +LOS
a: Hop


You were on level 1 of the Dungeon.
You visited 1 branch of the dungeon, and saw 1 of its levels.

You collected 16 gold pieces.

Inventory:

Hand Weapons
 a - a +0 falchion (weapon)
Armour
 b - a +0 robe (worn)
 d - an orb of light (worn)
Scrolls
 e - 2 scrolls of identify {unknown}
Potions
 c - a potion of ambrosia
 f - a potion of attraction {unknown}


   Skills:
 + Level 3.9 Fighting
 + Level 3.9 Long Blades
 + Level 3.5 Dodging


You had one spell level left.
You didn't know any spells.
Your spell library was empty.

Dungeon Overview and Level Annotations

Branches:
Dungeon (1/15)

Altars:


Innate Abilities, Weirdness & Mutations

You are amphibious.
You cover ground slowly.
You can hop short distances.
You have an extended range of vision and can be seen from far away.


Message History

e - 2 scrolls labelled MEKIRGH SAEFIYG (gained 1)
An endoplasm comes into view.
The endoplasm quivers.
The endoplasm moves out of view.
The endoplasm misses you.
You hit the endoplasm but do no damage. The endoplasm freezes you.
You are frozen.
The endoplasm freezes you.
You are frozen.
You hit the endoplasm.
The endoplasm is severely wounded.
The endoplasm freezes you.
You are frozen.
You hit the endoplasm but do no damage.
The endoplasm is severely wounded.
The endoplasm closely misses you.
An endoplasm comes into view.
You hit the endoplasm.
The endoplasm is almost dead.
The endoplasm misses you.
You hit the endoplasm.
You kill the endoplasm!
A dart slug comes into view.
Found an escape hatch in the floor.
The dart slug launches a dart at you. The slug dart misses you.
You hit the endoplasm.
The endoplasm is moderately wounded.
The endoplasm hits you.
You hit the endoplasm.
The endoplasm is almost dead.
The endoplasm freezes you.
You are frozen.
You hit the endoplasm.
You kill the endoplasm!
You have reached level 2!
Hop to where?
Press: ? - help, Dir - move target Boing!
The dart slug closely misses you.
You slash the dart slug!
The dart slug is severely wounded.
The dart slug misses you.
You hit the dart slug.
The dart slug is almost dead.
The dart slug bites you.
You hit the dart slug.
You kill the dart slug!
No target in view!
A jackal comes into view.
The jackal barks!
A jackal comes into view.
The jackal moves out of view.
A jackal comes into view.
The jackal barks!
You see here 16 gold pieces.
You now have 16 gold pieces.
The jackal barely misses you. The jackal bites you.
The jackal closely misses you. x2
You hit the jackal.
The jackal is moderately wounded.
The jackal closely misses you.
The jackal bites you but does no damage.
The jackal bites you. The jackal misses you.
You hit the jackal.
The jackal is heavily wounded.
The jackal bites you but does no damage.
The jackal misses you.
An endoplasm comes into view.
The endoplasm quivers.
You hit the jackal.
The jackal is almost dead.
The jackal bites you. x2; The jackal closely misses you.
The jackal completely misses you.
You open the door.
A frilled lizard, a kobold and a hobgoblin come into view.
The frilled lizard hisses angrily.
The hobgoblin shouts!
The jackal bites you.
The jackal bites you but does no damage.
A goblin comes into view. It is wielding a +0 club.
The hobgoblin moves out of view.
The jackal closely misses you. The jackal attacks as it pursues you!
The jackal closely misses you. The jackal barely misses you.
A gnoll comes into view. It is wielding a +0 club.
The frilled lizard completely misses you.
The kobold misses you. The jackal bites you.
There is an open door here.
A ball python comes into view.
The ball python hisses angrily.
The jackal attacks as it pursues you! The jackal bites you.
The kobold hits you with a +0 dagger.
The ball python moves out of view.
The hobgoblin hits you. The hobgoblin closely misses you.
The kobold attacks as it pursues you! The kobold barely misses you.
The ball python closely misses you. The ball python grabs you.
The ball python constricts you. The hobgoblin barely misses you.
As you open the door, it creaks loudly! The kobold hits you with a +0 dagger.
The ball python bites you. The ball python constricts you.
You die...

#.# #.# ####### ##.##
####.....## #...#
#...J.....###...#####..
...J..##'##...............#
..... #hhh##..###..........
... #.(#gK#.###....>##### #
#.#g#@#.##.....##
.'..#S.'....#.....
#.#.#g#.#....#####... #
...#..#..#.....# ##.... ...
##. .##.....########## ...
# +##.............###
..........######..##
....................
..........##########.


You could see a gnoll, an endoplasm, 3 jackals, a hobgoblin, a ball python and a
kobold.

Vanquished Creatures
  A dart slug (D:1)
  3 endoplasms (D:1)
  A quokka (D:1)
  A ball python (D:1)
  A rat (D:1)
7 creatures vanquished.

Notes
Turn   | Place    | Note
-------+----------+-------------------------------------------
     0 | D:1      | browni3141 the Barachi Monk began the quest for the Orb.
     0 | D:1      | Reached XP level 1. HP: 18/18 MP: 1/1
   108 | D:1      | Reached XP level 2. HP: 12/25 MP: 2/2
   132 | D:1      | HP: 1/25 [ball python (2)]
   132 | D:1      | Constricted to death by a ball python

Illustrated notes

Levels and vault maps discovered:
D:1:      kilobyte_arrival_exit_the_forest, layout_rooms, minmay_box_of_dots

Action                     || total
---------------------------++-------
  Melee: Falchion          ||    21
Ability: Hop               ||     1
 Armour: Robe              ||    17
  Dodge: Dodged            ||    33
